Map: Abiogenesis LE

Players

DaZh

  • Race: Terran Terran
  • Spawn Location: 5:00

BlackSoul - Winner!

  • Race: Terran Terran
  • League: Platinum
  • Spawn Location: 11:00

VOD

Have the link to the VOD?

Description

Time

  • Played on: Jan. 23, 2018, 1:36 p.m.
  • Length: 5:37
Show
View Real Time Build Order
Export as new Build Order

DaZh Terran 

Build Orders:  

Get SALT Encoding   

  12  0:00  SCV  
  13  0:13  SCV  
  14  0:17  Supply Depot  
  14  0:25  SCV  
  15  0:39  SCV  
  15  0:40  Barracks  
  16  0:51  SCV  
  17  0:59  Barracks  
  17  1:03  SCV  
  18  1:17  SCV  
  19  1:32  Orbital Command  
  19  1:46  Command Center  
  19  1:49  Marine x2  
  21  1:57  Supply Depot  
  21  2:00  SCV  
  22  2:07  Marine  
  23  2:18  Marine  
  23  2:19  SCV  
  23  2:20  Supply Depot  
  25  2:26  Barracks  
  25  2:30  Marine  
  25  2:31  SCV  
  27  2:38  Marine  
  27  2:43  SCV  
  29  2:48  Marine  
  29  2:49  Supply Depot  
  30  2:53  Bunker  
  30  2:55  SCV  
  30  2:56  Marine  
  32  3:01  SCV  
  33  3:06  Marine  
  33  3:07  SCV  
  35  3:13  SCV  
  35  3:14  Marine x2  
  35  3:19  SCV  
  39  3:24  Marine  
  41  3:31  SCV  
  41  3:32  Engineering Bay, Marine x2  
  41  3:33  Orbital Command  
  43  3:41  Marine  
  43  3:45  Supply Depot, SCV  
  45  3:50  Marine x2  
  45  3:55  Supply Depot  
  47  3:59  Marine, Barracks  
  47  4:01  Missile Turret  
  47  4:02  SCV x2  
  50  4:07  Marine  
  51  4:13  Marine  
  51  4:14  SCV x2  
  54  4:17  Marine  
  54  4:18  Missile Turret  
  54  4:19  Missile Turret  
  55  4:25  Marine  
  55  4:27  SCV x2  
  55  4:30  Marine  
  59  4:35  Marine  
  60  4:38  Supply Depot  
  60  4:43  Marine, SCV x2  
  60  4:44  Command Center  
  63  4:48  Marine  
  63  4:53  Marine  
  63  4:54  Missile Turret  
  63  4:55  SCV x2  
  59  5:01  Marine  
  59  5:06  Marine  
  46  5:10  Marine  
  46  5:11  SCV x2  
  44  5:19  Marine  
  42  5:23  Barracks  
  42  5:24  Barracks x2  
Show
View Real Time Build Order
Export as new Build Order

BlackSoul Terran - Winner!

Build Orders: Cyclone Opening 

Get SALT Encoding   

  12  0:03  SCV  
  13  0:15  SCV  
  14  0:21  Supply Depot  
  14  0:29  SCV  
  15  0:38  Refinery  
  15  0:44  Barracks  
  15  0:47  SCV  
  16  0:54  Refinery  
  16  0:59  SCV  
  17  1:14  SCV  
  18  1:38  Factory  
  18  1:43  Supply Depot  
  18  1:49  Orbital Command  
  18  1:51  Barracks Reactor  
  18  2:22  SCV  
  19  2:34  SCV  
  20  2:45  Cyclone x2  
  20  2:46  SCV  
  20  2:50  Barracks Reactor  
  27  2:58  SCV  
  28  3:03  Supply Depot  
  28  3:06  Supply Depot  
  28  3:17  Cyclone  
  31  3:25  Cyclone  
  34  3:28  Marine x2  
  36  3:45  Supply Depot  
  36  3:49  Cyclone  
  39  3:57  Cyclone  
  39  3:58  Marine  
  39  3:59  Marine  
  44  4:16  Marine x2  
  46  4:21  Cyclone  
  49  4:29  Cyclone  
  52  4:40  Marine  
  52  4:41  Marine  
  53  5:04  Marine x2  
Tags
 
League
Platinum
Matchup
TvT
Race
Terran
Spawn Locations
Cross Positions
Add a new tag
Caveats
  • Supply blocks, unpowered buildings, or Contaminate may cause inaccurate times.
  • Supply counts are checked every 10 seconds.